 Dungeon Crawl Stone Soup version 0.30.1-9-gdf580d7c3d (webtiles) character file.

Game seed: 1572155073579078406

1544 ChiefBigBeans the Frost Mage (level 8, 0/57 HPs)
             Began as a Red Draconian Ice Elementalist on Sept 26, 2023.
             Slain by Pikel
             ... wielding a +0 whip of freezing
              (6 damage)
             ... on level 6 of the Dungeon.
             The game lasted 00:14:05 (5813 turns).

ChiefBigBeans the Frost Mage (DrIE)                 Turns: 5813, Time: 00:14:06

Health: 0/57       AC:  6    Str: 17    XL:     8   Next: 56%
Magic:  16/20      EV: 14    Int: 26    God:
Gold:   262        SH:  0    Dex: 14    Spells: 10/23 levels left

rFire   . . .        q - +1 hand axe of the Orcish Mines {spect, rF- Str+3 Int+4 Dex+2}
rCold   . . .        t - orb {*channel}
rNeg    . . .        (body armour unavailable)
rPois   .            (helmet restricted)
rElec   .            (no cloak)
rCorr   +            (no gloves)
SInv    .            (no boots)
Will    .....        (no amulet)
Stlth   ++           p - ring of wizardry
HPRegen 0.29/turn    c - ring of Ascent {rCorr Str+4 Int+4}
MPRegen 0.17/turn

%: wizardry (x1), channel magic (20%)
@: very slightly contaminated, slowed, very slow
A: breathe fire, AC +6, unfitting armour, fire resistance 1, cold-blooded
a: Breathe Fire


You were on level 6 of the Dungeon.
You visited 1 branch of the dungeon, and saw 6 of its levels.

You collected 262 gold pieces.

Inventory:

Hand Weapons
 b - a +1 vampiric mace
 n - a +2 vampiric scythe
 q - the +1 hand axe of the Orcish Mines (weapon) {spect, rF- Str+3 Int+4 Dex+2}
   (You found it on level 2 of the Dungeon)

   Str:       It affects your strength (+3).
   Int:       It affects your intelligence (+4).
   Dex:       It affects your dexterity (+2).
   rF:        It makes you vulnerable to fire.
Armour
 t - an orb of energy (worn)
Jewellery
 c - the ring of Ascent (right hand) {rCorr Str+4 Int+4}
   (You acquired it on level 2 of the Dungeon)

   [ring of resist corrosion]

   Str:       It affects your strength (+4).
   Int:       It affects your intelligence (+4).
   rCorr:     It protects you from acid and corrosion.
 p - a ring of wizardry (left hand)
Wands
 l - a wand of flame (22)
Scrolls
 d - 5 scrolls of teleportation
 h - a scroll of identify
 j - 2 scrolls of magic mapping
 m - a scroll of blinking
Potions
 a - a potion of magic
 e - a potion of degeneration
 f - 2 potions of attraction
 g - 2 potions of heal wounds
 i - 4 potions of curing
 k - 2 potions of berserk rage
 r - a potion of flight
 v - a potion of lignification


   Skills:
 + Level 4.9 Dodging
 - Level 1.7 Stealth
 - Level 8.1 Spellcasting
 + Level 9.1 Ice Magic


You had 10 spell levels left.
You knew the following spells:

 Your Spells              Type           Power      Damage    Failure   Level
a - Freeze                Ice            100%       1d10      1%          1
b - Ozocubu's Armour      Ice            55%        N/A       1%          3
c - Freezing Cloud        Conj/Ice/Air   13%        6-21      32%         5
d - Summon Ice Beast      Ice/Summ       34%        N/A       9%          4

Your spell library contained the following spells:

 Spells                   Type           Power      Damage    Failure   Level
 Frozen Ramparts          Ice            100%       1d16      1%          3
 Necrotise                Necr           40%        1d6       6%          1
 Poisonous Vapours        Pois/Air       20%        N/A       9%          2
 Static Discharge         Conj/Air       20%        2-3/arc   9%          2
 Mephitic Cloud           Conj/Pois/Air  10%        N/A       16%         3
 Vampiric Draining        Necr           10%        2d6       16%         3
 Airstrike                Air            5%         2d(1-17)  38%         4
 Summon Lightning Spire   Summ/Air       10%        N/A       38%         4
 Agony                    Necr           10%        N/A       65%         5


Dungeon Overview and Level Annotations

Branches:
Dungeon (6/15)             Temple (0/1) D:4

Altars:

Shops:
D:4 [

Annotations:
D:6 Pikel


Innate Abilities, Weirdness & Mutations

You can breathe blasts of fire.
Your fiery red scales are hard. (AC +6)
You cannot fit into any form of body armour.
Your flesh is heat resistant. (rF+)
You are cold-blooded and may be slowed by cold attacks.


Message History

Confirm with . or Enter, or press ? or * to list all spells.
The spell is quite dangerous to miscast (32% risk of failure)!
Continue anyway?
Aiming: Freezing Cloud (quite dangerous; 32% risk of failure)
Press: ? - help, Dir - move target, f/p - Pikel
Aim: Pikel, wielding a +0 whip of freezing and wearing a +0 robe That beam is likely to hit you.
Continue anyway?
Okay, then.
Casting: Freezing Cloud (quite dangerous; 32% risk of failure)
Confirm with . or Enter, or press ? or * to list all spells.
The spell is quite dangerous to miscast (32% risk of failure)!
Continue anyway?
Aiming: Freezing Cloud (quite dangerous; 32% risk of failure)
Press: ? - help, Dir - move target, f/p - Pikel
Aim: Pikel, wielding a +0 whip of freezing and wearing a +0 robe That beam is likely to hit you.
Continue anyway?
You are engulfed in freezing vapours.
You feel yourself slow down.
* * * LOW HITPOINT WARNING * * *
The lemure is engulfed in freezing vapours.
The lemure hits you but does no damage.
The lemure is engulfed in freezing vapours.
Pikel is engulfed in freezing vapours.
The lemure is engulfed in freezing vapours.
The lemure attacks as you move away! The lemure hits you but does no damage.
The lemure is engulfed in freezing vapours.
You kill the lemure!
That felt strangely unrewarding.
Pikel is engulfed in freezing vapours. x2
You closely miss Pikel.
Pikel is almost dead.
Your +1 hand axe of the Orcish Mines {spect, rF- Str+3 Int+4 Dex+2} closely misses Pikel.
Pikel hits you with a +0 whip of freezing!
* * * LOW HITPOINT WARNING * * *
You feel as though you will be slow longer.
Pikel freezes you.
* * * LOW HITPOINT WARNING * * *
Pikel closely misses you.
You closely miss Pikel.
Pikel is almost dead.
Your +1 hand axe of the Orcish Mines {spect, rF- Str+3 Int+4 Dex+2} barely misses Pikel.
Pikel hits you with a +0 whip of freezing.
You die...

.........#
#...###..#
###. #..#
>..###..##
#........#
..####...#
#...##
#....#
#@.#.#
#K...#
#(#.##
#§#.#
.^.55.°☼#.#
...######.#
#.# #.# #.#


You could see Pikel and a friendly +1 hand axe of the Orcish Mines {spect, rF-
Str+3 Int+4 Dex+2}.

Vanquished Creatures
  Prince Ribbit (D:5)
  Grinder (D:5)
  A water moccasin (D:5)
  An ice beast (D:5)
  3 ogres (D:5)
  2 lemures (D:6)
  A howler monkey (D:4)
  A jelly (D:5)
  An orc priest (D:5)
  Natasha (thrice) (D:4)
  An iguana (D:5)
  4 gnolls (D:3)
  5 adders
  3 worms
  2 dart slugs
  7 orcs
  7 endoplasms
  A giant cockroach (D:3)
  4 goblins
  3 hobgoblins
  5 jackals (D:1)
  3 quokkas
  A ball python (D:2)
  5 bats
  4 frilled lizards
  8 kobolds
  7 rats
85 creatures vanquished.

Vanquished Creatures (collateral kills)
  Sigmund (D:5)
  A scorpion (D:5)
2 creatures vanquished.

Vanquished Creatures (others)
  An orc wizard (D:5)
1 creature vanquished.

Grand Total: 88 creatures vanquished

Notes
Turn   | Place    | Note
-------+----------+-------------------------------------------
     0 | D:1      | ChiefBigBeans the Draconian Ice Elementalist began the
                  | quest for the Orb.
     0 | D:1      | Reached XP level 1. HP: 14/14 MP: 3/3
   216 | D:1      | Reached XP level 2. HP: 9/20 MP: 0/5
  1188 | D:2      | Reached XP level 3. HP: 26/26 MP: 1/7
  1580 | D:2      | Identified the +1 hand axe of the Orcish Mines {spect, rF-
                  | Str+3 Int+4 Dex+2}
  1642 | D:2      | Learned a level 3 spell: Ozocubu's Armour
  2187 | D:2      | Identified a scroll of acquirement
  2187 | D:2      | Acquired the ring of Ascent {rCorr Str+4 Int+4}
  2350 | D:3      | Reached XP level 4. HP: 33/33 MP: 5/8
  2373 | D:3      | Reached skill level 5 in Ice Magic
  3269 | D:3      | Reached skill level 9 in Ice Magic
  3269 | D:3      | Reached XP level 5. HP: 38/38 MP: 9/15
  3276 | D:3      | Learned a level 5 spell: Freezing Cloud
  3281 | D:3      | Learned a level 4 spell: Summon Ice Beast
  3438 | D:4      | Found Estu's Armour Boutique.
  3467 | D:5      | Entered Level 5 of the Dungeon
  3512 | D:5      | Noticed Sigmund
  3515 | D:5      | Noticed a water moccasin
  3519 | D:5      | Reached XP level 6. HP: 20/45 MP: 12/17
  3521 | D:5      | HP: 1/45 [Sigmund/+2 vampiric scythe (7)]
  3521 | D:5      | Killed a water moccasin
  3524 | D:5      | Killed Sigmund
  3525 | D:5      | Your scales start taking on a fiery red colour.
  3525 | D:5      | Reduced skill Ice Magic to level 8
  3525 | D:5      | Reached XP level 7. HP: 2/50 MP: 3/18
  3525 | D:5      | Gained mutation: Your flesh is heat resistant. (rF+) [Red
                  | Draconian growth]
  3717 | D:5      | Noticed Prince Ribbit
  3744 | D:5      | Killed Prince Ribbit
  4452 | D:4      | Found a staircase to the Ecumenical Temple.
  4639 | D:4      | Reached XP level 8. HP: 45/57 MP: 15/20
  4891 | D:4      | Noticed Natasha
  4900 | D:4      | Killed Natasha
  5004 | D:4      | Noticed Natasha
  5016 | D:4      | Killed Natasha
  5063 | D:4      | Noticed Natasha
  5070 | D:4      | Killed Natasha
  5440 | D:5      | Noticed Grinder
  5468 | D:5      | Killed Grinder
  5469 | D:5      | Reached skill level 9 in Ice Magic
  5805 | D:6      | Noticed Pikel
  5813 | D:6      | Slain by Pikel

Illustrated notes

Levels and vault maps discovered:
D:1:      minmay_arrival_up_and_down, layout_loops_corners
D:2:      minmay_razor_zed, layout_basic
D:3:      layout_basic, minivault_11
D:4:      layout_cave_pods, minmay_temple_entry_statues,
          nicolae_take_the_stairs, chequers_hall_statues_wall_a, uniq_natasha
D:5:      layout_loops_ring, uniq_prince_ribbit1, uniq_grinder, uniq_sigmund
D:6:      layout_loops_ring, serial_bayou_crossing, uniq_pikel

Skill      XL: |  1  2  3  4  5  6  7  8 |
---------------+-------------------------+-----
Spellcasting   | 3 8 |  8.1
Ice Magic      | 9 8 9 |  9.1
Dodging        | 2 3 4 |  4.9
Stealth        | |  1.7

Action                     |  1- 3 |  4- 6 |  7- 9 || total
---------------------------+-------+-------+-------++-------
  Melee: Mace              |    30 |       |       ||    30
         Tailslap          |     5 |     3 |     3 ||    11
         Hand axe          |    13 |    30 |    62 ||   105
   Cast: Freeze            |    38 |    10 |    41 ||    89
         Ozocubu's Armour  |       |     2 |     2 ||     4
         Summon Ice Beast  |       |     1 |     4 ||     5
         Freezing Cloud    |       |     1 |     2 ||     3
Ability: Breathe Fire      |       |       |     2 ||     2
    Use: Scroll            |    10 |     1 |     6 ||    17
         Potion            |     3 |     1 |     1 ||     5
   Stab: Sleeping          |     3 |       |       ||     3
 Armour: Skin              |    26 |    17 |    31 ||    74
  Dodge: Dodged            |    53 |    25 |    51 ||   129
